[Event "Titled Tuesday Blitz February 15 Late 2022"]
[White "Herrera Reyes, Jose Antonio"]
[Black "Chyngyz, Sultai"]
[WhiteFideId "2274914"]
[BlackFideId "13803158"]
[WhiteElo "2361"]
[BlackElo "1339"]
[Result "1-0"]
[Round "01"]
[TimeControl "180+1"]
[Date "2022.02.16"]
[WhiteClock "0:00:50"]
[BlackClock "0:01:22"]

1. Nf3 Nf6 2. g3 g6 3. Bg2 Bg7 4. d3 O-O 5. Nc3 d6 6. h4 h5 7. Bg5 Nc6 8. Qd2 Ng4 9. e4 f6 10. Bf4 e5 11. Be3 Nxe3 12. fxe3 f5 13. Ng5 f4 14. exf4 exf4 15. gxf4 Bg4 16. Rg1 Bd4 17. Rf1 Re8 18. Bf3 Bxf3 19. Rxf3 d5 20. O-O-O dxe4 21. dxe4 Bxc3 22. Qxc3 Qe7 23. Qc4+ Kg7 24. f5 Ne5 25. f6+ Kh8 26. Qc3 Qf8 27. Qxc7 Qh6 28. Kb1 Rac8 29. Qxe5 Rxe5 30. Nf7+ Kh7 31. Nxh6 Kxh6 32. f7 Kg7 33. Rd7 Rf8 34. Rxb7 Rxe4 35. b4 a6 36. Kb2 Rxh4 37. Kb3 Re4 38. c4 h4 39. c5 g5 40. c6 Re6 41. Rc3 Rc8 42. Rf3 Kf8 43. b5 axb5 44. Rxb5 g4 45. Rf4 Rg6 46. Rh5 h3 47. Rh8+ Kg7 48. Rxc8 Kh7 49. f8=Q g3 50. Rh4+ Rh6 51. Rxh6# 1-0


[Site "https://www.chess.com"]

[Event "Titled Tuesday Blitz February 15 Late 2022"]
[White "Hoffmann, Asa"]
[Black "Remizov, Yaroslav"]
[WhiteFideId "2001470"]
[BlackFideId "34134015"]
[WhiteElo "2117"]
[BlackElo "2360"]
[Result "0-1"]
[Round "01"]
[TimeControl "180+1"]
[Date "2022.02.16"]
[WhiteClock "0:00:12"]
[BlackClock "0:00:07"]

1. d4 e6 2. e4 a6 3. Bd3 c5 4. c3 d6 5. Nf3 Nf6 6. h3 Be7 7. Be3 O-O 8. Nbd2 b5 9. Qe2 Bb7 10. O-O Nbd7 11. a4 c4 12. Bc2 e5 13. b3 cxb3 14. Bxb3 bxa4 15. Rxa4 Nxe4 16. Nxe4 Bxe4 17. dxe5 Bxf3 18. Qxf3 Nxe5 19. Qd5 Qd7 20. Bd4 Qb5 21. Rfa1 Rab8 22. Qxb5 axb5 23. Ra7 Bf6 24. Bd5 Nd3 25. Bxf6 gxf6 26. R1a6 Rbd8 27. Rb6 Nf4 28. Rxb5 Ne2+ 29. Kf1 Nxc3 30. Rba5 Nxd5 31. Rxd5 Rfe8 32. g4 Re5 33. Rd3 d5 34. Kg2 Kg7 35. Ra5 d4 36. Ra4 Red5 37. f4 Kg6 38. Kf3 f5 39. Rc4 f6 40. Rb4 h5 41. gxh5+ Kxh5 42. Rb7 Rc8 43. Rb6 Rc3 44. Rxc3 dxc3 45. Rc6 Rd3+ 46. Kg2 Kh4 47. Rxf6 Rg3+ 48. Kf2 Rxh3 49. Rxf5 c2 50. Rc5 Rh1 51. Kf3 c1=Q 52. Rxc1 Rxc1 0-1


[Site "https://www.chess.com"]

[Event "Titled Tuesday Blitz February 15 Late 2022"]
[White "Holt, Conrad"]
[Black "Bettalli, Francesco"]
[WhiteFideId "2034387"]
[BlackFideId "2816453"]
[WhiteElo "2827"]
[BlackElo "2447"]
[Result "1-0"]
[Round "01"]
[TimeControl "180+1"]
[Date "2022.02.16"]
[WhiteClock "0:00:21"]
[BlackClock "0:01:24"]

1. d4 e5 2. dxe5 Nc6 3. Nf3 Qe7 4. Nc3 Nxe5 5. e4 Nf6 6. Bg5 c6 7. Qd2 d6 8. O-O-O Be6 9. Nd4 O-O-O 10. f4 Nc4 11. Bxc4 Bxc4 12. Nf5 Qc7 13. Qd4 Be6 14. Qxa7 Bxf5 15. exf5 d5 16. Na4 Qb8 17. Nb6+ Kc7 18. Qa5 Kd6 19. Nc4+ Kd7 20. Ne5+ Ke8 21. Rhe1 Be7 22. Ng4 Qd6 23. Re5 Kf8 24. Rde1 Re8 25. Nxf6 gxf6 26. Bh6+ Kg8 27. R5e3 1-0


[Site "https://www.chess.com"]

[Event "Titled Tuesday Blitz February 15 Late 2022"]
[White "Horak, Martin"]
[Black "Martinez Ramirez, Lennis"]
[WhiteFideId "367095"]
[BlackFideId "3509079"]
[WhiteElo "1997"]
[BlackElo "2374"]
[Result "0-1"]
[Round "01"]
[TimeControl "180+1"]
[Date "2022.02.16"]
[WhiteClock "0:00:01"]
[BlackClock "0:00:19"]

1. d4 Nf6 2. c4 c5 3. d5 e6 4. Nc3 exd5 5. cxd5 g6 6. Nf3 Bg7 7. Nd2 O-O 8. e4 Re8 9. Be2 d6 10. O-O Nbd7 11. Qc2 b6 12. h3 a6 13. a4 Rb8 14. Rb1 h6 15. Nc4 Ne5 16. Nxe5 Rxe5 17. Bf4 Re7 18. Bh2 Qc7 19. f4 c4 20. Bf3 b5 21. axb5 axb5 22. b4 cxb3 23. Qxb3 Nd7 24. Rfc1 b4 25. Ne2 Qb6+ 26. Kh1 Nc5 27. Qe3 Ba6 28. Bg1 Qb5 29. Nd4 Bxd4 30. Qxd4 Qd3 31. Rxc5 dxc5 32. Qxc5 Qxb1 33. Qxe7 b3 34. Qe5 Rc8 35. Kh2 b2 0-1


[Site "https://www.chess.com"]

[Event "Titled Tuesday Blitz February 15 Late 2022"]
[White "Indjic, Aleksandar"]
[Black "Papp, Petra"]
[WhiteFideId "911925"]
[BlackFideId "739049"]
[WhiteElo "2851"]
[BlackElo "2473"]
[Result "1-0"]
[Round "01"]
[TimeControl "180+1"]
[Date "2022.02.16"]
[WhiteClock "0:00:40"]
[BlackClock "0:00:06"]

1. e4 c6 2. d4 d5 3. exd5 cxd5 4. Bd3 Nc6 5. c3 Nf6 6. Bf4 Bg4 7. Qb3 Qd7 8. Nd2 e6 9. Ngf3 Bd6 10. Bg3 O-O 11. O-O Bxf3 12. Nxf3 Qc7 13. Rae1 Nd7 14. Qc2 h6 15. Qd2 a6 16. Bb1 Bxg3 17. hxg3 b5 18. g4 Ne7 19. g5 h5 20. g6 Nxg6 21. Bxg6 fxg6 22. Ng5 Qf4 23. Qxf4 Rxf4 24. Nxe6 Rf5 25. Re3 Nf8 26. Rfe1 Nxe6 27. Rxe6 Kh7 28. Rd6 a5 29. Re5 Rxe5 30. dxe5 b4 31. Rxd5 bxc3 32. bxc3 Rc8 33. Rxa5 Rxc3 34. e6 Rc1+ 35. Kh2 Re1 36. Ra6 g5 37. a4 Kg6 38. a5 Kf6 39. f3 Ra1 40. Kg3 Ra4 41. Kh3 g6 42. Kh2 g4 43. fxg4 Rxg4 44. Ra8 Re4 45. a6 Rxe6 46. a7 Ra6 47. Rf8+ 1-0


[Site "https://www.chess.com"]

[Event "Titled Tuesday Blitz February 15 Late 2022"]
[White "Iturrizaga Bonelli, Eduardo"]
[Black "Batsiashvili, Nino"]
[WhiteFideId "3901211"]
[BlackFideId "13602993"]
[WhiteElo "2850"]
[BlackElo "2467"]
[Result "1-0"]
[Round "01"]
[TimeControl "180+1"]
[Date "2022.02.16"]
[WhiteClock "0:01:27"]
[BlackClock "0:00:04"]

1. c4 e6 2. g3 d5 3. Bg2 dxc4 4. Nf3 Nf6 5. O-O Nc6 6. Qa4 e5 7. Nxe5 Bd7 8. Nxc6 bxc6 9. Bxc6 Bd6 10. Qxc4 h5 11. h4 Rb8 12. a3 Rb6 13. Bg2 Ng4 14. Qe4+ Kf8 15. d3 Bc6 16. Qd4 Bxg2 17. Kxg2 Qe8 18. Qe4 Qd7 19. Nc3 Bc5 20. Qa8+ Qe8 21. Qxe8+ Kxe8 22. Na4 Rc6 23. Bd2 Bxf2 24. Rxf2 Nxf2 25. Kxf2 Rc2 26. Bc3 Kd7 27. Nc5+ Kc6 28. Nb3 Kd5 29. Nd4 c5 30. Nxc2 1-0


[Site "https://www.chess.com"]

[Event "Titled Tuesday Blitz February 15 Late 2022"]
[White "Jacobson, Brandon"]
[Black "Cremisi, Daniel"]
[WhiteFideId "30901561"]
[BlackFideId "2089882"]
[WhiteElo "2362"]
[BlackElo "2172"]
[Result "1-0"]
[Round "01"]
[TimeControl "180+1"]
[Date "2022.02.15"]
[WhiteClock "0:01:25"]
[BlackClock "0:00:42"]

1. d4 d5 2. c4 e6 3. Nc3 c6 4. e4 dxe4 5. Nxe4 Bb4+ 6. Nc3 Nf6 7. Nf3 O-O 8. a3 Be7 9. Bd3 b6 10. O-O Bb7 11. Qe2 Qc7 12. Ne5 Nbd7 13. Bf4 Nxe5 14. Bxe5 Qd8 15. Rad1 Nd7 16. Bg3 Rc8 17. c5 bxc5 18. dxc5 Bxc5 19. Bb1 Qe8 20. Ne4 f5 21. Rxd7 Qxd7 22. Nxc5 Qe7 23. Nxe6 Rfe8 24. Ba2 Kh8 25. Be5 Rg8 26. Qh5 Qe8 27. Qxf5 c5 28. Ng5 1-0


[Site "https://www.chess.com"]

[Event "Titled Tuesday Blitz February 15 Late 2022"]
[White "Jones, Gawain C B"]
[Black "Nilsen, Tobias Lang"]
[WhiteFideId "409561"]
[BlackFideId "1521624"]
[WhiteElo "2844"]
[BlackElo "2464"]
[Result "1-0"]
[Round "01"]
[TimeControl "180+1"]
[Date "2022.02.16"]
[WhiteClock "0:01:41"]
[BlackClock "0:01:28"]

1. Nf3 d5 2. g3 Nc6 3. d4 Bg4 4. Bg2 Qd7 5. c4 dxc4 6. Qa4 Bxf3 7. exf3 Qe6+ 8. Be3 O-O-O 9. Nc3 Nf6 10. O-O Nd5 11. Nxd5 Qxd5 12. f4 Qd6 13. d5 Nb8 14. Qxc4 a6 15. Bc5 Qd7 16. Rac1 e6 17. Bb6 Bd6 18. dxe6 Qxe6 19. Qxc7+ 1-0


[Site "https://www.chess.com"]

[Event "Titled Tuesday Blitz February 15 Late 2022"]
[White "Kalajzic, Ivan"]
[Black "Fishbein, Alexander"]
[WhiteFideId "14506378"]
[BlackFideId "2000377"]
[WhiteElo "2163"]
[BlackElo "2442"]
[Result "1-0"]
[Round "01"]
[TimeControl "180+1"]
[Date "2022.02.16"]
[WhiteClock "0:01:37"]
[BlackClock "0:01:02"]

1. d4 Nf6 2. Nc3 d5 3. Bg5 Nbd7 4. e3 g6 5. f4 Bg7 6. Nf3 O-O 7. Bd3 c5 8. O-O c4 9. Be2 h6 10. Bh4 e6 11. Ne5 Qb6 12. Rb1 Nxe5 13. fxe5 Nh7 14. Be7 Re8 15. Ba3 Qd8 16. e4 Qg5 17. Qc1 Qh4 18. Qf4 Qxf4 19. Rxf4 f6 20. exf6 Nxf6 21. e5 Nd7 22. Nb5 Nxe5 23. Nc7 Rd8 24. Nxa8 Nc6 25. c3 e5 26. dxe5 Bf5 27. Rxf5 gxf5 28. Nc7 Nxe5 29. Ne6 Re8 30. Nxg7 Kxg7 31. Rd1 Nc6 32. Bf3 d4 33. Bxc6 bxc6 34. cxd4 Re2 35. Rc1 Kg6 36. Rxc4 1-0


[Site "https://www.chess.com"]

[Event "Titled Tuesday Blitz February 15 Late 2022"]
[White "Kalashian, David"]
[Black "Adury, Anant"]
[WhiteFideId "13302418"]
[BlackFideId "30964687"]
[WhiteElo "2490"]
[BlackElo "2328"]
[Result "0-1"]
[Round "01"]
[TimeControl "180+1"]
[Date "2022.02.16"]
[WhiteClock "0:00:05"]
[BlackClock "0:00:29"]

1. d4 Nf6 2. c4 e6 3. Nf3 Bb4+ 4. Nc3 a5 5. Qc2 d6 6. Bg5 h6 7. Bh4 Nbd7 8. Rd1 Qe7 9. e3 Bxc3+ 10. Qxc3 O-O 11. Qc2 e5 12. Be2 b6 13. O-O Bb7 14. a3 a4 15. d5 Nc5 16. Nd2 g5 17. Bg3 Nfd7 18. Bg4 Nf6 19. Bf5 Bc8 20. f4 e4 21. fxg5 hxg5 22. Bxc8 Raxc8 23. Rf5 Ng4 24. Qc3 f6 25. Rdf1 Kh7 26. h4 Kg6 27. Qd4 Rce8 28. Nb1 Rh8 29. hxg5 fxg5 30. Nc3 Rhf8 31. Rxf8 Rxf8 32. Rxf8 Qxf8 33. Nxe4 Nxe4 34. Qxe4+ Qf5 35. Qe8+ Qf7 36. Qc8 Qf5 37. Qg8+ Kh6 38. Qh8+ Kg6 39. Qc3 Qb1+ 40. Be1 Qe4 41. Bd2 Ne5 42. Qd4 Qxd4 43. exd4 Nxc4 44. Bc3 Ne3 45. Kf2 Nxd5 46. Bd2 Kf5 47. Kf3 g4+ 48. Kg3 Nf6 49. Bh6 Ne4+ 50. Kh4 c5 51. dxc5 bxc5 52. Be3 d5 53. Bg1 d4 54. g3 d3 55. Be3 d2 56. Bxd2 Nxd2 57. Kh5 Nc4 58. b4 axb3 59. a4 b2 60. a5 b1=Q 61. a6 Qb8 62. a7 Qh8# 0-1


[Site "https://www.chess.com"]

[Event "Titled Tuesday Blitz February 15 Late 2022"]
[White "Kamsky, Gata"]
[Black "Szalay, Karoly"]
[WhiteFideId "2000024"]
[BlackFideId "2600544"]
[WhiteElo "2839"]
[BlackElo "2462"]
[Result "1-0"]
[Round "01"]
[TimeControl "180+1"]
[Date "2022.02.16"]
[WhiteClock "0:00:14"]
[BlackClock "0:00:15"]

1. e4 e5 2. Nf3 Nc6 3. Bb5 a6 4. Ba4 Nf6 5. O-O b5 6. Bb3 Bc5 7. c3 d6 8. d4 Bb6 9. h3 O-O 10. Re1 h6 11. Be3 exd4 12. Nxd4 Bb7 13. Nxc6 Bxc6 14. Bxb6 cxb6 15. Nd2 Re8 16. Bc2 Ra7 17. Re3 Rae7 18. Qe2 b4 19. c4 Nd7 20. Re1 Nc5 21. Qg4 Re6 22. Qf4 Rf6 23. Qh4 Rfe6 24. Qxd8 Rxd8 25. b3 a5 26. Nf3 Bd7 27. Nd4 Rf6 28. h4 Re8 29. g3 g5 30. hxg5 hxg5 31. f3 Kg7 32. Kg2 Rh6 33. Rh1 Rxh1 34. Kxh1 f5 35. Kg2 f4 36. Re1 Kf6 37. Ne2 fxg3 38. Kxg3 Rh8 39. Rd1 Ke7 40. Nd4 Rh3+ 41. Kg2 Rh6 42. Bb1 g4 43. f4 a4 44. Nc2 axb3 45. axb3 Nxb3 46. Nxb4 Kf7 47. Nd5 Bc6 48. Kg3 Nc5 49. Kxg4 Rh2 50. Nxb6 Nxe4 51. Bxe4 Bxe4 52. f5 Ke7 53. Re1 Rb2 54. Rxe4+ Kf7 55. Nd5 Rc2 56. Re7+ Kf8 57. Rc7 Ke8 58. f6 Kd8 59. f7 Rg2+ 60. Kf3 Rf2+ 61. Ke3 Re2+ 62. Kd3 Rd2+ 63. Ke4 Rd4+ 64. Kf5 Rf4+ 65. Nxf4 1-0


[Site "https://www.chess.com"]

[Event "Titled Tuesday Blitz February 15 Late 2022"]
[White "Karas, Marek"]
[Black "Grigorov, Grigor"]
[WhiteFideId "14928558"]
[BlackFideId "2907313"]
[WhiteElo "2472"]
[BlackElo "2850"]
[Result "0-1"]
[Round "01"]
[TimeControl "180+1"]
[Date "2022.02.16"]
[WhiteClock "0:00:03"]
[BlackClock "0:00:05"]

1. d4 Nf6 2. Nf3 e6 3. Bf4 c5 4. e3 cxd4 5. exd4 b6 6. c3 Be7 7. Nbd2 O-O 8. Bd3 Ba6 9. Bxa6 Nxa6 10. Qe2 Nc7 11. Bxc7 Qxc7 12. O-O Qb7 13. a4 a6 14. Rfe1 b5 15. axb5 axb5 16. Nb3 d6 17. Nfd2 Ra4 18. Ne4 Nd5 19. h3 Rfa8 20. Rab1 Qc6 21. Ng3 Nf4 22. Qe4 Qxe4 23. Rxe4 Nd5 24. Ree1 g6 25. Ra1 Ra2 26. Rxa2 Rxa2 27. Rb1 f5 28. Ne2 Bg5 29. Nec1 Ra8 30. Nd3 Kf7 31. g3 Nb6 32. f4 Bf6 33. Ra1 Rxa1+ 34. Nxa1 Ke7 35. Nc2 Kd7 36. Kf2 h6 37. Ke2 g5 38. Ne3 gxf4 39. gxf4 Bd8 40. b3 Bf6 41. Ne1 Kc6 42. Kd3 Kd7 43. Nf3 Kc6 44. c4 bxc4+ 45. bxc4 Kd7 46. d5 Na4 47. dxe6+ Kxe6 48. Nd5 Nb2+ 49. Ke2 Nxc4 50. Nc7+ Kf7 51. Nd5 Na5 52. Ke3 Nc6 53. Kd3 Bd8 54. Ne3 Ke6 55. Nc2 Bb6 56. Nd2 d5 57. Nf3 Bc7 58. Ncd4+ Nxd4 59. Nxd4+ Kf6 60. Ne2 Bb6 61. Nc3 Ke6 62. Ne2 Bf2 63. Nc3 Kd6 64. Ne2 Kc5 65. Nc1 d4 66. Nb3+ Kd5 67. Nd2 Be3 68. Nf3 h5 69. Nh4 Ke6 70. Nf3 Bxf4 71. Kxd4 Kf6 72. Kd5 Bb8 73. Kd4 Ba7+ 74. Kd5 Be3 75. Kd6 Bf4+ 76. Kd5 Bg3 77. Kd4 Bb8 78. Kd5 Ba7 79. Kc4 Ke6 80. Kd3 Kd5 81. Ke2 Ke4 82. Nd2+ Kf4 83. Kf1 Kg3 84. h4 Kxh4 85. Kg2 Kg4 86. Nf3 h4 87. Nh2+ Kf4 88. Nf3 h3+ 0-1


[Site "https://www.chess.com"]

[Event "Titled Tuesday Blitz February 15 Late 2022"]
[White "Karttunen, Mika"]
[Black "Burke, Paul"]
[WhiteFideId "502081"]
[BlackFideId "2605767"]
[WhiteElo "2343"]
[BlackElo "1827"]
[Result "1-0"]
[Round "01"]
[TimeControl "180+1"]
[Date "2022.02.16"]
[WhiteClock "0:00:14"]
[BlackClock "0:00:34"]

1. e4 e5 2. Nf3 Nc6 3. Bb5 f5 4. d3 Nf6 5. O-O Be7 6. Nc3 O-O 7. Bxc6 dxc6 8. Nxe5 fxe4 9. dxe4 Qxd1 10. Rxd1 Bd6 11. Nc4 Bg4 12. f3 Bc5+ 13. Be3 Bxe3+ 14. Nxe3 Be6 15. Ne2 Rad8 16. a3 c5 17. Rxd8 Rxd8 18. Rd1 Rxd1+ 19. Nxd1 b5 20. Kf2 a5 21. Ke3 Kf7 22. Nf4 c6 23. Nd3 Nd7 24. Nf4 Ne5 25. Nxe6 Kxe6 26. h3 Nc4+ 27. Kd3 Ne5+ 28. Ke2 Ng6 29. g3 Ne5 30. f4 Nc4 31. Kd3 a4 32. g4 g6 33. g5 Nd6 34. Ne3 c4+ 35. Kd4 Nb7 36. f5+ gxf5 37. exf5+ Kd6 38. h4 c5+ 39. Ke4 Nd8 40. g6 hxg6 41. fxg6 Ke6 42. Ng4 Nc6 43. c3 b4 44. h5 Ne7 45. Ne5 Nf5 46. Nxc4 Ng3+ 47. Kf4 Nxh5+ 48. Kg5 Ng7 49. cxb4 cxb4 50. axb4 Kd5 51. Nb6+ Kc6 52. Nxa4 Kb5 53. Nc3+ Kxb4 54. Kf6 Nh5+ 55. Kf7 Kb3 56. Nd1 Kc2 57. b4 Kxd1 58. b5 1-0


[Site "https://www.chess.com"]

[Event "Titled Tuesday Blitz February 15 Late 2022"]
[White "Khater, Sherif"]
[Black "Yoo, Christopher Woojin"]
[WhiteFideId "2034280"]
[BlackFideId "30909694"]
[WhiteElo "2544"]
[BlackElo "2105"]
[Result "0-1"]
[Round "01"]
[TimeControl "180+1"]
[Date "2022.02.15"]
[WhiteClock "0:01:31"]
[BlackClock "0:00:58"]

1. b3 e5 2. Bb2 Nc6 3. e3 g6 4. Bb5 Bg7 5. Ne2 Nge7 6. f4 a6 7. Bxc6 Nxc6 8. O-O O-O 9. f5 d5 10. fxg6 hxg6 11. h3 Be6 12. Qe1 Re8 13. a3 d4 14. exd4 exd4 15. Qf2 d3 16. Bxg7 dxe2 17. Bf6 exf1=R+ 18. Kxf1 Qd5 19. Qh4 Qh5 20. Qxh5 gxh5 21. Nc3 Kh7 22. Kg1 Rg8 23. Rf1 Bxh3 24. Kh2 Be6 25. g3 Rg4 26. d3 Rag8 27. Ne4 Bd5 28. Nc5 Rxg3 29. Rf2 Rg2+ 30. Rxg2 Rxg2+ 31. Kh3 Rxc2 32. Nd7 Be6+ 0-1


[Site "https://www.chess.com"]

[Event "Titled Tuesday Blitz February 15 Late 2022"]
[White "Khumalo, Keith"]
[Black "Smith, Shreyas"]
[WhiteFideId "14319470"]
[BlackFideId "7400713"]
[WhiteElo "1992"]
[BlackElo "2129"]
[Result "1-0"]
[Round "01"]
[TimeControl "180+1"]
[Date "2022.02.16"]
[WhiteClock "0:02:04"]
[BlackClock "0:00:01"]

1. d4 d5 2. c4 c6 3. Nf3 Nf6 4. Qc2 e6 5. Nbd2 Nbd7 6. g3 Bb4 7. Bg2 Ne4 8. O-O f5 9. a3 Bd6 10. Ne1 O-O 11. Nd3 Qe8 12. b4 Qh5 13. Nf3 Ndf6 14. Bf4 g5 15. Bxd6 Nxd6 16. Nfe5 Nde4 17. f3 Nd6 18. Rab1 Bd7 19. Nxd7 Nxd7 20. cxd5 exd5 21. Nc5 Nb6 22. e4 Nbc4 23. Qd3 fxe4 24. fxe4 g4 25. exd5 Rae8 26. Rxf8+ Rxf8 27. dxc6 bxc6 28. Ne6 Rf6 29. Nf4 Qf5 30. Qxf5 Nxf5 31. Rc1 Nce3 32. Bxc6 Nxd4 33. Rc3 Rxf4 34. gxf4 Ne2+ 35. Kf2 Nxc3 36. Kxe3 Nb1 37. a4 Nc3 38. a5 Kf7 39. Kd3 Na2 40. Bd5+ Kf6 41. Bxa2 Kf5 42. Ke3 h5 43. Bb1+ Kf6 44. b5 Ke6 45. Be4 h4 46. b6 axb6 47. a6 1-0


[Site "https://www.chess.com"]

[Event "Titled Tuesday Blitz February 15 Late 2022"]
[White "Klukin, Kirill"]
[Black "Petrova, Irina"]
[WhiteFideId "24199273"]
[BlackFideId "14124122"]
[WhiteElo "2324"]
[BlackElo "1988"]
[Result "1/2-1/2"]
[Round "01"]
[TimeControl "180+1"]
[Date "2022.02.16"]
[WhiteClock "0:00:16"]
[BlackClock "0:00:01"]

1. Nf3 d5 2. c4 c6 3. e3 Nf6 4. b3 Bf5 5. Bb2 e6 6. Nh4 Bg4 7. Qc2 Nbd7 8. h3 Bh5 9. g4 Bg6 10. Nxg6 hxg6 11. Bg2 Bd6 12. d3 Be5 13. d4 Bd6 14. Nd2 Qe7 15. a3 e5 16. Nf3 e4 17. Nd2 g5 18. b4 a6 19. Nb3 Nf8 20. O-O-O Ng6 21. Kb1 O-O 22. Rc1 b6 23. c5 bxc5 24. dxc5 Be5 25. Nd4 Bxd4 26. Bxd4 a5 27. Kb2 Rfb8 28. Qb3 Ne5 29. Bf1 Nfd7 30. Be2 Nd3+ 31. Bxd3 exd3 32. f3 axb4 33. axb4 Ne5 34. Rhf1 Nc4+ 35. Rxc4 dxc4 36. Qxc4 Ra4 37. Bc3 Qxe3 38. Rd1 Rba8 39. Qxd3 Ra2+ 40. Kb1 Qe6 41. Bb2 Ra1+ 42. Bxa1 Qa2+ 43. Kc1 Qxa1+ 44. Kd2 Ra2+ 45. Ke1 Qb2 46. Rd2 Qe5+ 47. Kf1 Ra1+ 48. Rd1 Ra2 49. Qd8+ Kh7 50. Qd3+ g6 51. Rd2 Ra1+ 52. Rd1 Ra2 53. Qc4 Ra7 54. Qd4 Qg3 55. Qf2 Qxh3+ 56. Qg2 Qxg2+ 57. Kxg2 Ra2+ 58. Kg3 Rb2 59. Rd7 Rxb4 60. Rxf7+ Kh6 61. Rc7 Rc4 62. Rxc6 Rc2 63. Rc7 Rc4 64. Kf2 Rc2+ 65. Ke3 Rc3+ 66. Ke4 Rc4+ 67. Kd5 Rd4+ 68. Kxd4 1/2-1/2


[Site "https://www.chess.com"]

[Event "Titled Tuesday Blitz February 15 Late 2022"]
[White "Kobo, Ori"]
[Black "Kraus, Tomas"]
[WhiteFideId "2812320"]
[BlackFideId "331708"]
[WhiteElo "2420"]
[BlackElo "2389"]
[Result "1-0"]
[Round "01"]
[TimeControl "180+1"]
[Date "2022.02.16"]
[WhiteClock "0:00:18"]
[BlackClock "0:00:01"]

1. c4 e5 2. Nc3 Nf6 3. g3 c6 4. d4 e4 5. d5 Bb4 6. Bg2 O-O 7. Nh3 Re8 8. O-O d6 9. Bg5 Bxc3 10. bxc3 c5 11. f3 h6 12. Bd2 e3 13. Be1 b6 14. g4 Nh7 15. Bg3 Ba6 16. Qa4 Qd7 17. Qb3 b5 18. Nf4 bxc4 19. Qc2 Bb5 20. a4 Ba6 21. Nh5 Qe7 22. f4 Nd7 23. Kh1 Bb7 24. Rab1 Rab8 25. a5 Ndf6 26. Bh4 Qf8 27. Nxf6+ Nxf6 28. Bxf6 gxf6 29. Qf5 Qg7 30. Qd7 Ba8 31. Rxb8 Rxb8 32. Qxd6 Qf8 33. Qxf6 Rd8 34. Rd1 Qd6 35. Qe5 f6 36. Qxe3 Kf7 37. Qe4 Kg7 38. Qxc4 Qe7 39. e4 Qf7 40. h3 Qc7 41. Rf1 1-0


[Site "https://www.chess.com"]

[Event "Titled Tuesday Blitz February 15 Late 2022"]
[White "Kollars, Dmitrij"]
[Black "Krstulovic, Alex"]
[WhiteFideId "12909572"]
[BlackFideId "760056"]
[WhiteElo "2584"]
[BlackElo "2193"]
[Result "0-1"]
[Round "01"]
[TimeControl "180+1"]
[Date "2022.02.15"]
[WhiteClock "0:00:01"]
[BlackClock "0:00:07"]

1. e4 c5 2. Nf3 e6 3. d4 cxd4 4. Nxd4 Nf6 5. Nc3 Nc6 6. a3 Be7 7. g3 d5 8. Bg2 dxe4 9. Nxc6 Qxd1+ 10. Kxd1 bxc6 11. Nxe4 O-O 12. Nxf6+ Bxf6 13. c3 Ba6 14. Kc2 Rfd8 15. Be4 Rab8 16. Be3 Bc4 17. b4 a5 18. Rhd1 a4 19. Rxd8+ Rxd8 20. Bxc6 Bb3+ 21. Kb2 Rc8 22. b5 Bc4 23. Rb1 Bd3 24. Rd1 Bxc3+ 25. Ka2 Rd8 26. b6 Bc4+ 27. Kb1 Rxd1+ 28. Kc2 Rd3 29. Bf4 Ba5 30. b7 Rc3+ 31. Kd1 Rd3+ 32. Kc2 Rc3+ 33. Kd1 Rd3+ 34. Ke2 Rxa3+ 0-1


[Site "https://www.chess.com"]

[Event "Titled Tuesday Blitz February 15 Late 2022"]
[White "Kopczynski, Michal"]
[Black "Sjugirov, Sanan"]
[WhiteFideId "1124200"]
[BlackFideId "4189302"]
[WhiteElo "2235"]
[BlackElo "2602"]
[Result "0-1"]
[Round "01"]
[TimeControl "180+1"]
[Date "2022.02.15"]
[WhiteClock "0:00:22"]
[BlackClock "0:00:15"]

1. e4 e5 2. Nf3 Nc6 3. Bb5 a6 4. Ba4 Nf6 5. O-O d6 6. h3 Bd7 7. Re1 g6 8. c3 Bg7 9. d4 O-O 10. Bg5 h6 11. Be3 Qe7 12. Nbd2 Rfe8 13. d5 Nb8 14. Bxd7 Nbxd7 15. Nh2 Kh7 16. Qf3 Rf8 17. Ng4 Ng8 18. Nf1 f5 19. exf5 gxf5 20. Ngh2 Qf7 21. Bd2 e4 22. Qe2 Qxd5 23. g4 Rae8 24. Ne3 Qe5 25. Nxf5 d5 26. Nxg7 Qxg7 27. Nf1 Ne5 28. Nh2 Nd3 29. Rf1 Ne7 30. Be3 Ng6 31. Rad1 c5 32. Rxd3 exd3 33. Qxd3 b6 34. Qxd5 Qf7 35. Qxf7+ Rxf7 36. Rd1 Re6 37. Nf1 Ne5 38. b3 Rd7 39. Rxd7+ Nxd7 40. Ng3 Nf6 41. c4 Kg6 42. Kg2 h5 43. Kf3 hxg4+ 44. hxg4 Nd7 45. Ke2 Re8 46. f4 Nf6 47. f5+ Kf7 48. Kf3 Nxg4 49. Bf4 Ne5+ 50. Ke4 Nxc4+ 51. Kd5 Ne3+ 52. Kc6 c4 53. bxc4 Nxc4 54. Bc7 b5 55. Kb7 Re7 56. Nh5 Nd6+ 57. Kc6 Nxf5 58. Nf4 Re4 59. Nd5 Ra4 60. Kb6 Ke6 61. Nf4+ Kd7 62. Nd3 Rxa2 63. Nc5+ Kc8 64. Nxa6 Ne7 65. Kxb5 Rb2+ 66. Nb4 Kxc7 67. Kc4 Rb1 68. Nd5+ Nxd5 69. Kxd5 Kb6 70. Ke4 Ka5 71. Kd3 Rb5 72. Kc2 Kb6 73. Kc3 Rc5+ 74. Kd4 Kc6 75. Kd3 Rd5+ 76. Ke4 Kd6 77. Ke3 Re5+ 78. Kf4 Ke6 79. Kf3 Kd5 80. Kg4 Ke4 81. Kg3 Rg5+ 82. Kf2 Kf4 83. Ke2 Rg3 84. Kd2 Re3 85. Kc2 Ke4 86. Kb2 Rd3 87. Kc2 Kd4 88. Kb2 Rc3 89. Ka2 Kc4 90. Kb2 Kb4 91. Ka2 Rc2+ 92. Kb1 Kb3 93. Ka1 Rc1# 0-1


[Site "https://www.chess.com"]

[Event "Titled Tuesday Blitz February 15 Late 2022"]
[White "Kostiukov, Alexandr"]
[Black "Rasulov, Vugar"]
[WhiteFideId "14108100"]
[BlackFideId "13402390"]
[WhiteElo "2202"]
[BlackElo "2560"]
[Result "0-1"]
[Round "01"]
[TimeControl "180+1"]
[Date "2022.02.16"]
[WhiteClock "0:01:16"]
[BlackClock "0:02:24"]

1. g3 e5 2. Bg2 Nf6 3. c4 Nc6 4. Nc3 Bc5 5. e3 O-O 6. Nge2 d6 7. O-O Bg4 8. h3 Bh5 9. g4 Bg6 10. d4 Bb6 11. d5 Ne7 12. Ng3 Nd7 13. e4 Kh8 14. Qe2 c6 15. Be3 cxd5 16. cxd5 Rc8 17. Rac1 Ng8 18. Nb5 Nc5 19. b4 Na4 20. Rxc8 Qxc8 21. Nxd6 Qd7 22. Nc4 f6 23. Nf5 Bxf5 24. exf5 Qb5 25. Re1 Bxe3 26. Nxe3 Qxb4 27. Qd3 Qxe1+ 28. Bf1 Nc5 0-1


[Site "https://www.chess.com"]

[Event "Titled Tuesday Blitz February 15 Late 2022"]
[White "Kozin, Yuri"]
[Black "Niemann, Hans Moke"]
[WhiteFideId "4129920"]
[BlackFideId "2093596"]
[WhiteElo "2527"]
[BlackElo "2636"]
[Result "0-1"]
[Round "01"]
[TimeControl "180+1"]
[Date "2022.02.15"]
[WhiteClock "0:00:12"]
[BlackClock "0:00:41"]

1. e4 c5 2. Nf3 Nc6 3. d4 cxd4 4. Nxd4 Nf6 5. Nc3 d6 6. Bc4 e6 7. Be3 a6 8. Bb3 Bd7 9. Rg1 b5 10. a3 h5 11. f4 Na5 12. h3 Qc7 13. Qf3 Rc8 14. g4 hxg4 15. hxg4 Nxb3 16. cxb3 Bc6 17. Rc1 Qb7 18. Nxc6 Rxc6 19. g5 Nd7 20. g6 Nf6 21. gxf7+ Kxf7 22. f5 e5 23. Bg5 Be7 24. Bxf6 Bxf6 25. Qg2 b4 26. axb4 Qxb4 27. Rd1 Rh4 28. Qg6+ Kf8 29. Rg4 Rh6 30. Qxh6 gxh6 31. Rg6 Bg5 32. Re6 Rxc3 33. bxc3 Qxe4+ 0-1


[Site "https://www.chess.com"]

[Event "Titled Tuesday Blitz February 15 Late 2022"]
[White "Kravtsiv, Martyn"]
[Black "Suder, Jakub"]
[WhiteFideId "14113147"]
[BlackFideId "1195310"]
[WhiteElo "2694"]
[BlackElo "2058"]
[Result "1-0"]
[Round "01"]
[TimeControl "180+1"]
[Date "2022.02.15"]
[WhiteClock "0:00:09"]
[BlackClock "0:00:03"]

1. e4 c5 2. Nf3 e6 3. d4 cxd4 4. Nxd4 Nc6 5. Nc3 Nf6 6. Ndb5 Bc5 7. Bf4 O-O 8. Bc7 Qe7 9. Bd6 Bxd6 10. Qxd6 Qd8 11. Nc7 Rb8 12. Be2 b5 13. N7xb5 Qb6 14. Rb1 Ba6 15. a4 Bxb5 16. axb5 Nd4 17. Qxb6 axb6 18. Bd3 Ra8 19. Kd2 d6 20. Ra1 Nd7 21. Ne2 Nxe2 22. Bxe2 Rfc8 23. f3 Kf8 24. Ra6 Rxa6 25. bxa6 Ke7 26. Ra1 Kd8 27. Ra3 Ra8 28. b4 Ra7 29. Rc3 Rc7 30. Bb5 Ne5 31. Rxc7 Kxc7 32. Ke3 Kb8 33. h3 f6 34. f4 Nf7 35. Bc4 Nd8 36. b5 Kc7 37. Bb3 Kb8 38. f5 e5 39. Bd5 Kc7 40. a7 1-0


[Site "https://www.chess.com"]